AoeStats
← pbtmp01

Arabia

507779806Analyzed
2v2 RM · 13d ago on Sep 19, 2026· 55m 42s· 4 players
Game mode
Random Map
Map size
Medium (4 player)
Population
200
Speed
Normal
Resources
Standard
Victory
Conquest
Starting age
Dark Age
Ending age
Imperial Age
RankedLock teamsTeams togetherTeam positionsShared explorationLock speedFull tech treeHidden civsTurbo modeCheats
Victory
Defeat
🇩🇪 Khmer · Germany
874
+18
🇬🇧 Franks · United Kingdom
858
+18
🇪🇸 Goths · Spain
920
-18
🇪🇸 Poles · Spain
920
-18
Pacho_Elsucio
10:05 Feudal Age
10:49 Double-Bit Axe
12:09 Loom
19:08 Castle Age
18:22 Wheelbarrow
19:32 Stone Mining
20:31 Bow Saw
20:08 Pikeman
24:17 Scale Mail Armor
25:56 Gold Mining
25:51 Horse Collar
27:07 Stone Shaft Mining
28:12 Hand Cart
32:00 Imperial Age
29:51 Forging
31:30 Chain Mail Armor
32:01 Anarchy
34:02 Iron Casting
43:29 Squires
46:38 Perfusion
46:50 Halberdier
Jimmis18
2:22 Loom
10:16 Feudal Age
10:50 Double-Bit Axe
10:49 Horse Collar
16:46 Wheelbarrow
22:27 Castle Age
25:28 Bow Saw
25:25 Heavy Plow
26:15 Forging
25:28 Pikeman
26:09 Squires
27:03 Stone Mining
29:48 Stone Shaft Mining
30:00 Arson
30:20 Scale Mail Armor
31:00 Hand Cart
31:18 Light Cavalry
32:09 Bloodlines
34:47 Imperial Age
33:16 Iron Casting
34:09 Scale Barding Armor
35:06 Husbandry
43:22 Ballistics
43:19 Winged Hussar
44:21 Chain Barding Armor
pbtmp01
11:10 Feudal Age
9:28 Loom
12:21 Double-Bit Axe
18:46 Castle Age
20:21 Scale Barding Armor
26:54 Wheelbarrow
26:08 Town Watch
29:03 Imperial Age
29:54 Elite Skirmisher
30:36 Padded Archer Armor
30:27 Fletching
30:58 Chain Barding Armor
31:36 Leather Archer Armor
32:42 Ballistics
35:04 Cavalier
40:11 Chemistry
42:31 Bodkin Arrow
43:19 Plate Barding Armor
47:25 Forging
DJ7darkness
11:01 Feudal Age
14:37 Castle Age
13:57 Bloodlines
13:38 Double-Bit Axe
14:57 Gold Mining
23:30 Stone Mining
24:16 Gold Shaft Mining
27:43 Bow Saw
27:44 Scale Barding Armor
33:25 Imperial Age
33:32 Cavalier
34:26 Forging
36:09 Heavy Scorpion
42:08 Chain Barding Armor
42:24 Iron Casting
Connection lost

Rejoining the realm…

Still unreachable

The connection could not be restored.

Session expired

The server has moved on; the page needs a fresh start.